 Dungeon Crawl Stone Soup version 0.31-a0-236-g9a0961fb85 (webtiles) character file.

Game seed: 4852448515092069065

83 qw the Shooter (level 4, -1/26 HPs)
             Began as a Gargoyle Hexslinger on July 10, 2023.
             Slain by a hobgoblin (3 damage)
             ... led by Robin
             ... on level 2 of the Dungeon.
             The game lasted 00:00:42 (1268 turns).

qw the Shooter (Gargoyle Hexslinger)                Turns: 1268, Time: 00:00:42

Health: -1/26      AC: 11    Str: 11    XL:     4   Next: 44%
Magic:  5/5        EV: 10    Int: 14    God:
Gold:   130        SH:  0    Dex: 14    Spells: 4/5 levels left

rFire   . . .        Y - +1 sling
rCold   . . .        (no shield)
rNeg    + . .        c - +0 ring mail
rPois   inf          k - +2 helmet
rElec   +            (no cloak)
rCorr   +            (no gloves)
SInv    .            (no boots)
Will    .....        (no amulet)
Stlth   +            g - ring of resist corrosion
HPRegen 0.24/turn    (no ring)
MPRegen 0.09/turn

%: no passive effects
@: about to teleport
A: sickness immunity, AC +3, negative energy resistance 1, electricity
resistance, torment resistance 1, petrification resistance
a: no special abilities


You were on level 2 of the Dungeon.
You visited 1 branch of the dungeon, and saw 2 of its levels.

You collected 130 gold pieces.


Innate Abilities, Weirdness & Mutations

You are immune to sickness and miasma.
Your stone body is resilient. (AC +3)
You are immune to poison.
You resist negative energy. (rN+)
You are resistant to electric shocks. (rElec)
You are resistant to unholy torment.
You are immune to petrification.


   Skills:
 - Level 2.0 Fighting
 + Level 4.0 Ranged Weapons
 - Level 1.0 Armour
 - Level 1.5 Dodging
 - Level 1.0 Spellcasting
 - Level 2.6 Hexes


You had 4 spell levels left.
You knew the following spells:

 Your Spells              Type           Power      Damage    Failure   Level
a - Slow                  Hex            32%        N/A       21%         1

Your spell library contained the following spells:

 Spells                   Type           Power      Damage    Failure   Level
 Inner Flame              Hex/Fire       4%         N/A       71%         3
 Portal Projectile        Hex/Tloc       8%         N/A       71%         3
 Cause Fear               Hex            4%         N/A       90%         4

Inventory:

Hand Weapons
 Y - a +1 sling (weapon)
Armour
 c - a +0 ring mail (worn)
 k - a +2 helmet (worn)
Jewellery
 b - a +6 ring of dexterity
 d - a ring of see invisible
 g - a ring of resist corrosion (left hand)
Scrolls
 a - a scroll of fear {unknown}
Potions
 f - a potion of mutation {unknown}
 h - a potion of curing

Dungeon Overview and Level Annotations

Branches:
Dungeon (2/15)

Altars:
Nemelex Xobeh

Annotations:
D:2 Robin


Message History

Robin roars a battlecry!
The goblins go into a battle-frenzy!
A goblin comes into view. It is wielding a +0 dagger.
The goblin barely misses you.
You shoot a sling bullet. The sling bullet hits the goblin.
You kill the goblin!
Robin throws the goblin at you! The goblin hits you with a +0 dagger.
The goblin hits you but does no damage.
You shoot a sling bullet.
The sling bullet barely misses the goblin. x2
The goblin hits you but does no damage.
You shoot a sling bullet.
The sling bullet closely misses the goblin. x2
You hear a shout!
The goblin hits you but does no damage. Robin throws the goblin at you!
The goblin hits you but does no damage.
You shoot a sling bullet. The sling bullet misses the goblin.
The sling bullet barely misses Robin.
The goblin unwields a +0 sling.
The goblin wields a +0 club.
The goblin closely misses you.
A hobgoblin comes into view.
The goblin closely misses you. The goblin hits you with a +0 club.
You shoot a sling bullet.
The sling bullet closely misses the goblin.
The sling bullet hits the goblin!
You kill the goblin!
A goblin comes into view. It is wielding a +0 club.
The goblin hits you but does no damage. The goblin hits you with a +0 club.
You shoot a sling bullet. The sling bullet hits the goblin!
You kill the goblin!
Robin barely misses you. The goblin hits you but does no damage.
The hobgoblin hits you.
Robin hits you from afar with a +0 trident.
1268 ||| READING scroll of teleportation.
As you read the scroll of teleportation, it crumbles to dust.
You feel strangely unstable. The goblin barely misses you.
Robin hits you from afar with a +0 trident.
The hobgoblin hits you.
You die...

..#...># #...........#
..####.###...........#
..# #.#.............#
####
..####+#.#...........#
#<..
'#.......#######.....#
#### .#.......#
#.##### .#.......# #.#
.#####'#.# #g#
.........# #@#
...###.### #g# .. #..
.......gg...g.g ...
### #######......g.
#........ #....)..#
#.......# #.......#
#.......#


You could see Robin, a hobgoblin (strong) and 2 goblins.

Vanquished Creatures
  An adder (D:2)
  A worm (D:2)
  2 dart slugs (D:1)
  6 endoplasms
  3 giant cockroaches
  12 goblins
  5 hobgoblins
  6 jackals
  2 quokkas (D:1)
  2 ball pythons (D:2)
  3 bats
  3 frilled lizards
  8 kobolds
  4 rats (D:1)
58 creatures vanquished.

Notes
Turn   | Place    | Note
-------+----------+-------------------------------------------
     0 | D:1      | qw the Gargoyle Hexslinger began the quest for the Orb.
     0 | D:1      | Reached XP level 1. HP: 12/12 MP: 2/2
     0 | D:1      | 0 ||| qw: Version: 0.3-a-52-g30416fa
     0 | D:1      | 0 ||| qw: Game counter: 4854
     0 | D:1      | 0 ||| qw: Melee chars always use a shield: true
     0 | D:1      | 0 ||| qw: God list: Okawaru
     0 | D:1      | 0 ||| qw: Allow faded altars: false
     0 | D:1      | 0 ||| qw: Do Orc after clearing Dungeon:15 true
     0 | D:1      | 0 ||| qw: Do second Lair branch before Depths: true
     0 | D:1      | 0 ||| qw: Lair rune preference: random
     0 | D:1      | 0 ||| qw: Goals: Normal
     0 | D:1      | 0 ||| PLANNING D:1-11
   101 | D:1      | Reached XP level 2. HP: 16/16 MP: 3/3
   139 | D:1      | Reached skill level 3 in Ranged Weapons
   247 | D:1      | Reached XP level 3. HP: 21/21 MP: 4/4
   458 | D:1      | 458 ||| UPGRADING to +0 leather armour.
   469 | D:1      | 469 ||| DROPPING +0 robe.
   470 | D:1      | 470 ||| UPGRADING to +2 helmet.
   489 | D:1      | Found a faded altar of an unknown god.
   552 | D:1      | 552 ||| UPGRADING to +0 ring mail.
   562 | D:1      | 562 ||| DROPPING +0 leather armour.
   731 | D:1      | 731 ||| UPGRADING to ring of resist corrosion.
   732 | D:1      | 732 ||| READING scroll labelled ZEPSYL EJOTSA.
   733 | D:1      | 733 ||| READING 2 scrolls labelled VOUFOF SANN.
   737 | D:1      | 737 ||| READING scroll labelled WINO KEGROMU.
   738 | D:1      | 738 ||| DRINKING 2 dark potions.
   739 | D:1      | 739 ||| DROPPING scroll of poison.
   851 | D:2      | Found a sparkling altar of Nemelex Xobeh.
   902 | D:2      | Reached skill level 1 in Armour
   992 | D:2      | Reached XP level 4. HP: 26/26 MP: 5/5
  1244 | D:2      | 1244 ||| Stepping ~*~*~tactically~*~*~ (outnumbered).
  1246 | D:2      | 1246 ||| Stepping ~*~*~tactically~*~*~ (outnumbered).
  1260 | D:2      | Reached skill level 4 in Ranged Weapons
  1260 | D:2      | Noticed Robin
  1267 | D:2      | HP: 4/26 [Robin/+0 trident (5)]
  1268 | D:2      | 1268 ||| READING scroll of teleportation.
  1268 | D:2      | Slain by a hobgoblin

Levels and vault maps discovered:
D:1:      wander_arrival_fairy_ring, layout_loops_ring,
          dreamdust_ecumenical_altar_angels_and_demons, serial_park_tiny_pond,
          minmay_octomino_j4
D:2:      layout_basic, basic_altar, supply_closet_lemuel, uniq_robin

Skill      XL: |  1  2  3  4 |
---------------+-------------+-----
Ranged Weapons | 3 4 |  4.0
Fighting       | 2 |  2.0
Armour         | 1 |  1.0
Dodging        | |  1.5
Spellcasting   | |  1.0
Hexes          | |  2.6

Action                     |  1- 3 |  4- 6 || total
---------------------------+-------+-------++-------
   Fire: Sling             |   126 |    43 ||   169
    Use: Scroll            |     3 |     1 ||     4
         Potion            |     1 |       ||     1
 Armour: Robe              |    11 |       ||    11
         Ring mail         |     6 |    22 ||    28
         Leather armour    |     3 |       ||     3
         Skin              |     1 |       ||     1
  Dodge: Dodged            |    35 |    22 ||    57

Table legend:
 A = Non-vault XP
 B = Vault XP
 C = Vault XP percentage of total XP
 D = Non-vault monster count
 E = Vault monster count
 F = Vault count percentage of total count
                 A         B        C        D         E       F
            +---------+---------+-------+---------+---------+-------
      Total |     101 |      18 |  15.1 |      47 |      11 |  19.0
            +---------+---------+-------+---------+---------+-------
        D:1 |      53 |       5 |   8.6 |      28 |       4 |  12.5
        D:2 |      48 |      13 |  21.3 |      19 |       7 |  26.9
            +---------+---------+-------+---------+---------+-------
